 Dungeon Crawl Stone Soup version 0.17-a0-2073-gde5cdba (webtiles) character file.

74 st0uf the Magician (level 4, 0/30 HPs)
             Began as a Mummy Wizard on Oct 15, 2015.
             Slain by a bat (1 damage)
             ... on level 2 of the Dungeon.
             The game lasted 00:11:50 (2366 turns).

st0uf the Magician (Mummy Wizard)                   Turns: 2366, Time: 00:11:50

Health: 0/30       AC:  2    Str: 10    XL:     4   Next: 9%
Magic:  9/9        EV: 12    Int: 18    God:
Gold:   63         SH:  0    Dex: 10    Spells: 1 memorised, 9 levels left

rFire  x . .     SeeInvis .     (no weapon)
rCold  + . .     Clarity  .     a - +0 robe
rNeg   + + +     SustAt   .     (no shield)
rPois  ∞         Gourm    .     b - +0 hat
rElec  .         Spirit   .     (no cloak)
rCorr  .         Warding  .     (no gloves)
rMut   .         Stasis   .     (no boots)
MR     .....                    (no amulet)
Stlth  ++........               (no ring)
                                (no ring)

@: not resistant to hostile enchantments, unstealthy
A: no food or potions, fire vulnerability, cold resistance 1, negative energy
resistance 3, torment resistance, unbreathing
a: no special abilities


You were on level 2 of the Dungeon.
You were not hungry.

You visited 1 branch of the dungeon, and saw 2 of its levels.

You collected 63 gold pieces.

Inventory:

Armour
 a - a +0 robe (worn)
 b - a +0 hat (worn)
Jewellery
 d - a +5 ring of protection {unknown}
 h - an uncursed amulet of clarity {unknown}
Scrolls
 e - 3 scrolls of identify {unknown}
 f - a scroll of enchant weapon {unknown}
 g - a scroll of teleportation {unknown}
 i - a scroll of remove curse {unknown}
Books
 c - a book of Minor Magic

   Spells                             Type                      Level
   a - Magic Dart                     Conjuration                  1
   b - Blink                          Translocation                2
   c - Call Imp                       Summoning                    2
   d - Repel Missiles                 Charms/Air                   2
   e - Slow                           Hexes                        2
   f - Conjure Flame                  Conjuration/Fire             3
   g - Mephitic Cloud                 Conjuration/Poison/Air       3


   Skills:
 - Level 1.5 Dodging
 - Level 1.5 Stealth
 + Level 3.9 Spellcasting
 + Level 2.2 Conjurations
   Level 0.7 Summonings
   Level 0.7 Translocations


You had 9 spell levels left.
You knew the following spells:

 Your Spells              Type           Power        Failure   Level  Hunger
a - Magic Dart            Conj           ##..         8%          1    N/A

Dungeon Overview and Level Annotations

Branches:
Dungeon (2/15)

Altars:

Annotations:
D:2 Natasha, Sigmund


Innate Abilities, Weirdness & Mutations

You do not eat or drink.
Your flesh is vulnerable to fire.
You are immune to poison.
Your flesh is cold resistant.
You are immune to negative energy.
You are immune to unholy pain and torment.
You can survive without breathing.


Message History

Natasha mumbles some strange words.
The bat hits you but does no damage. The bat barely misses you.
Natasha casts a spell.
The bat barely misses you.
Natasha howls an incantation.
You feel disoriented. The bat misses you. The bat barely misses you.
The bat barely misses you.
Natasha mumbles some strange words.
The bat misses you. The bat closely misses you. The bat completely misses you.
The bat closely misses you. The bat hits you.
* * * LOW HITPOINT WARNING * * *
The bat misses you. The bat hits you but does no damage. The bat hits you.
* * * LOW HITPOINT WARNING * * *
The bat hits you.
You die...

####......#
........5h#
.......##.#
.......##.#
#########.#
#########.########
#.........5h.....#
#.........######b#
#.........# #@#
#.........# #.##..
#.....)...# #.#..#
#.........# #.##.#
#.........#
#.##.###
########### #.##.##
#.#..# #
.#####'#..# .#
...........###.###.


You could see a bat.

Vanquished Creatures
  2 adders (D:2)
  A gnoll (D:1)
  2 oozes (D:1)
  A worm (D:1)
  A bat (D:1)
  A giant cockroach (D:1)
  A goblin (D:1)
  5 hobgoblins
  4 jackals (D:1)
  5 giant newts
  10 kobolds
  4 rats
37 creatures vanquished.

Notes
Turn   | Place    | Note
--------------------------------------------------------------
     0 | D:1      | st0uf the Mummy Wizard began the quest for the Orb.
     0 | D:1      | Reached XP level 1. HP: 13/13 MP: 4/4
     2 | D:1      | Noticed an electric eel
   110 | D:1      | Reached skill level 1 in Conjurations
   363 | D:1      | Reached XP level 2. HP: 19/19 MP: 3/6
  1157 | D:1      | Reached XP level 3. HP: 20/24 MP: 2/8
  2003 | D:1      | Reached XP level 4. HP: 26/30 MP: 5/9
  2344 | D:2      | Noticed Sigmund
  2345 | D:2      | Noticed Natasha
  2365 | D:2      | HP: 1/30 [bat (1)]
  2366 | D:2      | Slain by a bat

Vault maps used:
D:1:      arrival_aquarium_a, roderic_aztec_sauvastika
D:2:      lemuel_doored_altar, uniq_robin, uniq_sigmund, uniq_natasha

Action                   |  1- 3 |  4- 6 || total
-------------------------+-------+-------++-------
Melee: Unarmed           |     2 |       ||     2
 Cast: Magic Dart        |   105 |    19 ||   124
